 Dungeon Crawl Stone Soup version 0.17.1-3-g152610e (webtiles) character file.

300795 moxian the Earth Mage (level 20, -1/117 HPs)
             Began as a Deep Elf Earth Elementalist on Apr 24, 2016.
             Was the Champion of Vehumet.
             Slain by a scimitar of electrocution (22 damage)
             ... on level 2 of the Elven Halls.
             The game lasted 07:11:45 (60761 turns).

moxian the Earth Mage (DEEE)                       Turns: 60761, Time: 07:11:45

Health: -1/117     AC: 11    Str:  5    XL:     20   Next: 18%
Magic:  2/43       EV: 24    Int: 38    God:    Vehumet [******]
Gold:   3338       SH:  0    Dex: 17    Spells: 14 memorised, 1 level left

rFire  . . .     SeeInvis +     b - staff of energy
rCold  . . .     Clarity  .     H - +0 robe {MR+}
rNeg   + . .     SustAt   .     (no shield)
rPois  +         Gourm    .     s - +0 helmet
rElec  +         Spirit   .     S - +2 cloak
rCorr  .         Warding  .     z - +1 pair of gloves
rMut   .         Stasis   .     T - +2 pair of boots
MR     +++..                    (no amulet)
Stlth  ++++......               W - ring "Cakhlos" {Wiz rElec rPois rN+ Int+8}
                                A - ring of see invisible

@: repel missiles, extremely resistant to hostile enchantments, stealthy
A: agile 1
a: Renounce Religion
}: 2/15 runes: decaying, gossamer


You were on level 2 of the Elven Halls.
You worshipped Vehumet.
Vehumet was exalted by your worship.
You were not hungry.

You visited 8 branches of the dungeon, and saw 40 of its levels.
You also visited: Labyrinth, Sewer, Ice Cave and Volcano.

You collected 4580 gold pieces.
You spent 1242 gold pieces at shops.

Inventory:

Missiles
 w - 89 stones (quivered)
Armour
 s - a +0 helmet (worn)
 z - a +1 pair of gloves (worn)
 H - a +0 robe of magic resistance (worn)
 S - a +2 cloak (worn)
 T - a +2 pair of boots (worn)
Magical Staves
 a - an uncursed staff of power
 b - an uncursed staff of energy (weapon)
 E - an uncursed staff of fire
Rods
 y - a +4 rod of shadows (9/9)
   (You took it off a minotaur in a labyrinth)
Jewellery
 h - an uncursed ring of protection from magic
 j - the amulet "Noley" {Clar Stlth+}
   (You bought it in a shop on level 4 of the Orcish Mines)

   [amulet of clarity]

   It provides mental clarity.
   It makes you more stealthy.
 o - an uncursed ring of flight
 A - a ring of see invisible (left hand)
 O - an uncursed amulet of resist mutation
 W - the ring "Cakhlos" (right hand) {Wiz rElec rPois rN+ Int+8}
   (You bought it in a shop on level 4 of the Orcish Mines)

   [ring of wizardry]

   It improves your spell success rate.
   It affects your intelligence (+8).
   It insulates you from electricity.
   It protects you from poison.
   It protects you from negative energy.
Wands
 e - a wand of polymorph (15)
 m - a wand of paralysis (11)
 v - a wand of teleportation (6)
 N - a wand of fire (6)
Scrolls
 f - 3 scrolls of fear
 n - 8 scrolls of teleportation
 p - 3 scrolls of holy word
 q - 2 scrolls of blinking
 C - 10 scrolls of remove curse
 G - 6 scrolls of magic mapping
 K - a scroll of enchant armour
 Q - 2 scrolls of fog
 R - 3 scrolls of silence
 V - 5 scrolls of amnesia
 X - 7 scrolls of recharging
 Y - 2 scrolls of summoning
 Z - 9 scrolls of identify
Potions
 g - 12 potions of curing
 k - 11 potions of brilliance
 r - a potion of magic
 t - 2 potions of haste
 u - 5 potions of agility
 B - a potion of cure mutation
 D - 4 potions of heal wounds
 F - 7 potions of flight
 I - 2 potions of cancellation
 L - 2 potions of resistance
 U - 3 potions of lignification
Miscellaneous
 c - 2 phantom mirrors
 J - a phial of floods (inert)
Comestibles
 d - 18 bread rations
 i - 9 fruits
 x - 12 beef jerkies
 M - 13 meat rations
 P - 2 royal jellies


   Skills:
 + Level 10.0 Fighting
 * Level 5.5 Staves
 + Level 15.8 Dodging
 - Level 9.0 Stealth
 + Level 17.9 Spellcasting
 + Level 14.3 Conjurations
 - Level 9.1 Transmutations
 + Level 11.3 Fire Magic
 * Level 20.3 Earth Magic
 + Level 7.4 Evocations


You had one spell level left.
You knew the following spells:

 Your Spells              Type           Power        Failure   Level  Hunger
a - Iron Shot             Conj/Erth      ########..   1%          6    None
b - Lehudib's Crystal Sp  Conj/Erth      ########..   1%          8    None
c - Petrify               Trmt/Erth      #######.     1%          4    None
d - Lee's Rapid Deconstr  Erth           ########..   0%          5    None
e - Dazzling Spray        Conj/Hex       ######..     1%          3    None
f - Fireball              Conj/Fire      #######...   1%          5    None
g - Force Lance           Conj/Tloc      ######..     1%          4    None
h - Bolt of Magma         Conj/Fire/Erth ########..   1%          5    None
i - Delayed Fireball      Conj/Fire      N/A          1%          7    None
j - Sandblast             Erth           ######       0%          1    None
A - Stoneskin             Trmt/Erth      #######.     0%          2    None
B - Leda's Liquefaction   Hex/Erth       #######...   1%          4    None
C - Blink                 Tloc           N/A          1%          2    None
D - Repel Missiles        Chrm/Air       ####..       1%          2    None


Dungeon Overview and Level Annotations

Branches:
Dungeon (15/15)            Temple (1/1) D:5            Lair (8/8) D:10
  Swamp (4/4) Lair:6       Spider (4/4) Lair:4        Slime (0/6) Lair:7
    Orc (4/4) D:12            Elf (3/3) Orc:3        Vaults (0/5) D:13
 Depths (1/5) D:15

Altars:
Ashenzari
Cheibriados
Dithmenos
Elyvilon
Fedhas
Gozag
Kikubaaqudgha
Makhleb
Nemelex Xobeh
Okawaru
Qazlal
Ru
Sif Muna
Trog
Vehumet
Xom
Yredelemnul
Zin
The Shining One
Beogh

Shops:
D:12 [   Orc:3 *   Orc:4 ([=}   Elf:1 (

Annotations:
D:6 Razmath's ghost, novice DsIE
D:8 Erica; Gastronok
Elf:3 1 exclusion


Innate Abilities, Weirdness & Mutations

You are agile. (Dex +2)


Message History

Aim: a deep elf knight, wielding a short sword and wearing a buckler (moderately wounded, fast, slightly transparent)
The spray of energy hits the deep elf knight.
The deep elf knight is heavily wounded.
The deep elf knight is dazzled.
The deep elf knight points at you and mumbles some strange words.
The shard of ice misses you.
Your water elemental hits the deep elf knight!
The deep elf knight hits you with a short sword!
* * * LOW HITPOINT WARNING * * *
Your water elemental barely misses the deep elf knight.
The lajatang of draining completely misses you.
The deep elf knight barely misses you.
The scimitar of electrocution hits you!!
* * * LOW HITPOINT WARNING * * *
Drink which item? (? for menu, Esc to quit)
You feel much better.
The deep elf knight is no longer blind.
The lajatang of draining closely misses you.
The deep elf knight closely misses you.
The scimitar of electrocution hits you!!
You die...

# #...#..#..#...##.........#####
##.#..###..#.####.......##
#.#...#.#...#.# ##.....##
##.#.......#.## ##...##
#####'''##### ##### #
#####.()##### ### ### ### .#
##...+(#++...####.####.####.##
..##....)###)....##...##...##...#
........).......@(..E)...........
#..............(.e..#..).........
##......e..).)...).###≈≈.........
##....).....)v.).## ##..........
##......).....)....# #..(........
#...................#...E........
.................................
.................................
.......(.........................


You could see a spatial vortex, a deep elf knight (invisible), 2 dancing weapons
and a friendly water elemental.

Vanquished Creatures
  A bone dragon (Elf:1)
  3 thorn hunters
  Roxanne (Spider:3)
  Wiglaf (Spider:3)
  Maud (Orc:2)
  2 ghost moths (Spider:4)
  A frost giant (IceCv)
  2 deep elf sorcerers (Elf:1)
  A fire giant (D:15)
  An iron dragon (Elf:1)
  9 emperor scorpions
  6 very ugly things
  A deep elf demonologist (Elf:3)
  An ettin (D:13)
  Snorg (Lair:4)
  A minotaur (Lab)
  A vault guard (D:13)
  6 fire dragons
  2 deep elf death magi (Elf:1)
  A great orb of eyes (Depths:1)
  25 hydras
  2 ice dragons (Depths:1)
  2 centaur warriors
  A catoblepas (Elf:1)
  11 alligators
  3 entropy weavers
  4 ghost crabs
  15 dancing weapons (Elf:2)
  13 death yaks
  5 orc high priests
  26 deep elf knights
  A fire crab (Swamp:4)
  3 hell knights (Depths:1)
  4 skeletal warriors (D:14)
  An unseen horror (D:12)
  A sea snake (Elf:1)
  A death drake (Elf:1)
  5 spriggan druids
  A sea snake (shapeshifter) (Elf:1)
  A giant orange brain (Depths:1)
  8 deep elf summoners
  2 necromancers (Depths:1)
  7 shambling mangroves
  5 hill giants
  13 swamp dragons
  Pikel (D:6)
  4 lindwurms
  24 deep elf conjurers
  An orc knight (Orc:3)
  14 orb spiders
  A wizard (D:15)
  2 cyclopes
  2 orc sorcerers
  An oklob plant (Swamp:2)
  15 ugly things
  A griffon (Lair:4)
  11 hornets
  A mana viper (Elf:1)
  3 black mambas
  8 elephants
  21 wolf spiders
  A guardian serpent (shapeshifter) (Elf:2)
  3 toenail golems (Volcano)
  3 moths of wrath
  Maurice (D:8)
  2 gargoyles (D:13)
  Joseph (D:9)
  9 komodo dragons
  2 centaur zombies (D:10)
  An ice statue (IceCv)
  9 torpor snails
  29 spiny frogs
  9 demonic crawlers
  3 yaktaurs (Depths:1)
  3 kobold demonologists (D:14)
  6 deep elf priests
  A freezing wraith (D:14)
  A golden dragon simulacrum (Elf:1)
  A tengu conjurer (Depths:1)
  8 fire drakes
  26 jumping spiders
  5 trolls
  20 polar bears
  34 blink frogs
  7 giant leeches
  23 slime creatures
  A two-headed ogre (D:10)
  A boulder beetle (Elf:1)
  2 iron dragon simulacra (Elf:1)
  9 bog bodies
  11 spriggans
  A spectral orc (Elf:1)
  2 spectral elves (Elf:1)
  24 trapdoor spiders
  A shadow (Swamp:4)
  A water elemental (D:14)
  A hog (Elf:1)
  18 tarantellas
  A wraith (D:13)
  2 wyverns
  8 hippogriffs
  15 deep elf magi
  A spriggan (shapeshifter) (D:15)
  45 redbacks
  28 deep elf fighters
  59 yaks
  8 basilisks
  3 hungry ghosts
  A hippogriff (shapeshifter) (D:13)
  6 humans (Volcano)
  2 steam dragons
  A mottled dragon (Lair:8)
  15 insubstantial wisps
  2 wargs (Orc:3)
  23 vampire mosquitoes
  13 water moccasins
  17 swamp worms
  32 wolves
  A spatial vortex (Elf:1)
  12 porcupines
  A soldier ant (shapeshifter) (Elf:3)
  A sky beast (D:13)
  2 black bears
  29 orc warriors
  18 swamp drakes
  2 eyes of draining (D:8)
  26 spiders
  11 ogres
  2 ice beasts
  A phantom (D:12)
  29 wasps
  7 centaurs
  An elf skeleton (Elf:1)
  21 crocodiles
  3 big kobolds
  5 brain worms (Lair:8)
  2 earth elementals (Elf:1)
  18 giant frogs
  An oklob sapling (Swamp:2)
  A scorpion (D:12)
  2 elf zombies (Elf:1)
  16 killer bees
  A troll skeleton (Lab)
  7 wights
  3 electric eels
  A vampire bat (Elf:1)
  A spriggan skeleton (Lab)
  5 lava snakes
  8 hounds
  8 crimson imps
  43 orc wizards
  7 centaur skeletons
  3 quasits
  44 orc priests
  3 giant frog skeletons
  A jelly (D:13)
  9 worker ants
  18 iguanas
  16 sheep
  2 small abominations (Elf:1)
  2 hound skeletons
  A worker ant zombie (D:5)
  11 adders
  7 gnolls
  65 river rats
  3 shadow imps
  3 oozes
  An adder skeleton (D:5)
  25 worms
  4 giant geckos
  195 orcs
  7 hobgoblins
  20 jackals
  10 kobolds
  4 quokkas
  7 bats
  6 giant cockroaches
  A giant gecko skeleton (D:5)
  A giant newt (D:1)
  4 goblins
  2 quokka skeletons
  16 rats
  An eldritch tentacle segment (Elf:1)
  A fungus (Swamp:2)
  A macabre mass (Elf:1)
  2 plants
1667 creatures vanquished.

Vanquished Creatures (collateral kills)
  A death yak (Lair:5)
  A torpor snail (Lair:4)
  A giant leech (Lair:8)
  A porcupine (Lair:4)
  A crocodile (Lair:4)
  An orc wizard (Orc:2)
  An orc priest (Orc:2)
  2 sheep (Lair:3)
  An orc (Orc:2)
  A fungus (Lair:3)
11 creatures vanquished.

Vanquished Creatures (others)
  An eldritch tentacle (Elf:1)
  A polar bear (IceCv)
  A slime creature (Swamp:4)
  A yak (IceCv)
  2 steam dragons (Swamp:4)
  3 wolves (IceCv)
  3 slaves (D:6)
  A centaur (D:6)
  A swamp drake (Swamp:4)
  An iguana (D:6)
  A worker ant zombie (D:6)
  A shadow imp (D:6)
  438 eldritch tentacle segments (Elf:1)
  40 fungi
  55 plants
550 creatures vanquished.

Grand Total: 2228 creatures vanquished

Notes
Turn   | Place    | Note
--------------------------------------------------------------
     0 | D:1      | moxian the Deep Elf Earth Elementalist began the quest for the Orb.
     0 | D:1      | Reached XP level 1. HP: 10/10 MP: 6/6
   329 | D:1      | Reached XP level 2. HP: 15/15 MP: 2/8
   918 | D:2      | Reached skill level 4 in Earth Magic
   918 | D:2      | Reached XP level 3. HP: 8/19 MP: 3/10
   932 | D:2      | Learned a level 2 spell: Stoneskin
   936 | D:2      | Learned a level 3 spell: Stone Arrow
  1922 | D:2      | Reached skill level 1 in Conjurations
  2070 | D:3      | Gained mutation: You are agile. (Dex +2) [potion of beneficial mutation]
  2087 | D:3      | Reached XP level 4. HP: 17/24 MP: 6/11
  2714 | D:3      | Reached XP level 5. HP: 28/28 MP: 6/12
  2722 | D:3      | Learned a level 4 spell: Petrify
  2805 | D:4      | Reached skill level 5 in Earth Magic
  3198 | D:4      | Reached XP level 6. HP: 32/32 MP: 7/14
  3897 | D:4      | Got a polished dagger
  3898 | D:4      | Identified the cursed +1 dagger of a volcano {venom, rC+ Str+3 Dex-5} (You found it on level 4 of the Dungeon)
  4163 | D:5      | Entered Level 5 of the Dungeon
  4525 | D:5      | Found a staircase to the Ecumenical Temple.
  4536 | Temple   | Entered the Ecumenical Temple
  4623 | Temple   | Became a worshipper of Vehumet
  4661 | D:5      | Reached skill level 6 in Earth Magic
  4661 | D:5      | Reached XP level 7. HP: 32/36 MP: 14/16
  4840 | D:5      | Found a sparkling altar of Nemelex Xobeh.
  5673 | D:5      | Reached skill level 5 in Spellcasting
  5837 | D:5      | Reached skill level 5 in Conjurations
  5983 | D:5      | Learned a level 5 spell: Lee's Rapid Deconstruction
  6013 | D:6      | Noticed Pikel
  6016 | D:6      | Killed Pikel
  6016 | D:6      | Reached skill level 5 in Dodging
  6016 | D:6      | Reached skill level 7 in Earth Magic
  6016 | D:6      | Reached XP level 8. HP: 41/41 MP: 2/18
  6089 | D:6      | Noticed Razmath's ghost (novice DsIE)
  6136 | D:6      | Found a glowing drain.
  6143 | Sewer    | Entered a sewer
  6349 | Sewer    | Found a white marble altar of Elyvilon.
  6528 | D:6      | Reached * piety under Vehumet
  6528 | D:6      | Offered knowledge of Magic Dart by Vehumet.
  7497 | D:7      | Reached skill level 8 in Earth Magic
  7759 | D:8      | Noticed Maurice
  7953 | D:8      | Reached XP level 9. HP: 16/45 MP: 6/21
  8375 | D:8      | Offered knowledge of Freeze by Vehumet.
  8449 | D:8      | Killed Maurice
  8475 | D:8      | Reached ** piety under Vehumet
  8475 | D:8      | Reached skill level 9 in Earth Magic
  8671 | D:8      | Noticed a moth of wrath
  8674 | D:8      | Found a bloodstained altar of Trog.
  8841 | D:8      | Noticed Gastronok
  8982 | D:8      | Noticed Erica
  9526 | D:9      | Noticed Joseph
  9618 | D:9      | Learned a level 4 spell: Leda's Liquefaction
  9637 | D:9      | Reached skill level 5 in Stealth
  9845 | D:9      | Got a smoking cloak
  9856 | D:9      | Identified the +0 cloak of Polytheism {*Confuse rCorr Dex+2} (You found it on level 9 of the Dungeon)
 10249 | D:9      | Killed Joseph
 10249 | D:9      | Reached XP level 10. HP: 16/50 MP: 19/24
 10544 | D:10     | Entered Level 10 of the Dungeon
 10563 | D:10     | Offered knowledge of Dazzling Spray by Vehumet.
 10568 | D:10     | Learned a level 3 spell: Dazzling Spray
 10644 | D:10     | Reached skill level 10 in Earth Magic
 10752 | D:10     | Found a staircase to the Lair.
 11270 | D:10     | Reached *** piety under Vehumet
 11427 | D:10     | Reached skill level 5 in Transmutations
 11755 | Lair:1   | Entered Level 1 of the Lair of Beasts
 12021 | Lair:1   | Reached XP level 11. HP: 54/54 MP: 10/26
 12025 | Lair:1   | Reached skill level 11 in Earth Magic
 12026 | Lair:1   | Offered knowledge of Throw Icicle by Vehumet.
 12052 | Lair:1   | Learned a level 4 spell: Throw Icicle
 12834 | Lair:1   | Reached **** piety under Vehumet
 13201 | Lair:1   | Offered knowledge of Force Lance by Vehumet.
 13506 | Lair:1   | Reached skill level 10 in Spellcasting
 13730 | Lair:1   | Noticed a black mamba
 13881 | Lair:1   | Killed a black mamba
 14112 | Lair:2   | Found a labyrinth entrance.
 14132 | Lair:2   | Got a silken robe
 14146 | Lair:2   | Identified the +1 robe "Joitib" {*Corrode rPois Int+2} (You found it on level 2 of the Lair of Beasts)
 14166 | Lab      | Entered a labyrinth
 14795 | Lab      | Reached skill level 1 in Fighting
 15224 | Lab      | Noticed a minotaur
 15395 | Lab      | Killed a minotaur
 15441 | Lair:2   | Identified a +4 rod of shadows (9/9) (You took it off a minotaur in a labyrinth)
 15460 | Lair:2   | Learned a level 4 spell: Force Lance
 15636 | Lair:2   | Reached skill level 12 in Earth Magic
 15651 | Lair:2   | Noticed a six-headed hydra
 15929 | Lair:2   | Found a white marble altar of Elyvilon.
 16003 | Lair:3   | Reached skill level 1 in Evocations
 16341 | Lair:2   | Reached skill level 10 in Dodging
 16488 | Lair:2   | Reached XP level 12. HP: 62/62 MP: 25/28
 16690 | Lair:2   | Killed a six-headed hydra
 17049 | Lair:3   | Reached ***** piety under Vehumet
 17214 | Lair:3   | Offered knowledge of Bolt of Fire by Vehumet.
 18419 | Lair:4   | Learned a level 5 spell: Fireball
 18733 | Lair:4   | Reached skill level 1 in Fire Magic
 18987 | Lair:4   | Reached skill level 13 in Earth Magic
 19039 | Lair:4   | Noticed Snorg
 19044 | Lair:4   | Killed Snorg
 19840 | Lair:4   | Found a hole to the Spider Nest.
 20479 | Lair:4   | Reached XP level 13. HP: 45/70 MP: 20/30
 21137 | Lair:5   | Offered knowledge of Bolt of Magma by Vehumet.
 22429 | Lair:4   | Learned a level 5 spell: Bolt of Magma
 22737 | Lair:5   | Reached skill level 14 in Spellcasting
 23013 | Lair:5   | Noticed a six-headed hydra
 23027 | Lair:5   | Killed a six-headed hydra
 23508 | Lair:5   | Reached skill level 15 in Spellcasting
 24181 | Lair:6   | HP: 3/70 [poisoned by a spiny frog]
 24671 | Lair:6   | Found a staircase to the Swamp.
 25207 | Lair:7   | Found a staircase to the Slime Pits.
 25613 | Lair:7   | Found a runed door.
 25867 | Lair:8   | Entered Level 8 of the Lair of Beasts
 25937 | Lair:8   | Reached XP level 14. HP: 76/76 MP: 25/35
 25991 | Lair:8   | Offered knowledge of Delayed Fireball by Vehumet.
 26536 | Lair:8   | Found a runed door.
 26540 | Lair:8   | Reached skill level 15 in Earth Magic
 27731 | Lair:8   | Reached skill level 16 in Earth Magic
 29032 | Lair:8   | Learned a level 7 spell: Delayed Fireball
 29152 | Lair:8   | Reached skill level 5 in Evocations
 30486 | D:11     | Offered knowledge of Conjure Ball Lightning by Vehumet.
 31182 | D:12     | Found a staircase to the Orcish Mines.
 31393 | D:12     | Found Bushroj Oxod's Antique Armour Emporium.
 31993 | D:12     | Reached skill level 5 in Fire Magic
 32043 | Orc:1    | Entered Level 1 of the Orcish Mines
 32048 | Orc:1    | Found a dark tunnel.
 32068 | Volcano  | Entered a volcano
 32715 | Orc:1    | Found a roughly hewn altar of Beogh.
 33019 | Orc:2    | Found a roughly hewn altar of Beogh.
 33026 | Orc:2    | Reached ****** piety under Vehumet
 33027 | Orc:2    | Offered knowledge of Bolt of Cold by Vehumet.
 33056 | Orc:2    | Found a burning altar of Makhleb.
 33279 | Orc:2    | Noticed Maud
 33797 | Orc:2    | HP: 3/76 [orc warrior/glaive (22)]
 34152 | D:12     | Reached skill level 17 in Earth Magic
 34386 | D:13     | Reached XP level 15. HP: 79/81 MP: 20/36
 34387 | D:13     | Reached skill level 5 in Fighting
 34387 | D:13     | Reached XP level 16. HP: 83/87 MP: 20/37
 34557 | D:13     | Found a gate to the Vaults.
 35470 | D:14     | Offered knowledge of Iron Shot by Vehumet.
 35486 | D:14     | Learned a level 6 spell: Iron Shot
 35538 | D:14     | Learned a level 2 spell: Blink
 36488 | D:14     | Found a blossoming altar of Fedhas.
 37186 | D:15     | Entered Level 15 of the Dungeon
 37202 | D:15     | Found a staircase to the Depths.
 37237 | D:15     | Found a blossoming altar of Fedhas.
 37326 | D:15     | Found a frozen archway.
 37348 | IceCv    | Entered an ice cave
 37523 | IceCv    | HP: 2/88 [something (21)]
 38051 | IceCv    | Offered knowledge of Spellforged Servitor by Vehumet.
 39478 | D:15     | Reached skill level 18 in Earth Magic
 39815 | Depths:1 | Entered Level 1 of the Depths
 40382 | Depths:1 | Offered knowledge of Lehudib's Crystal Spear by Vehumet.
 40382 | Depths:1 | Offered knowledge of Shatter by Vehumet.
 40382 | Depths:1 | Offered knowledge of Tornado by Vehumet.
 40668 | Depths:1 | Found an iron altar of Okawaru.
 40671 | Depths:1 | Reached skill level 10 in Conjurations
 40936 | Orc:2    | Killed Maud
 41283 | Orc:1    | Reached XP level 17. HP: 83/95 MP: 21/39
 41835 | Orc:3    | Found a staircase to the Elven Halls.
 42007 | Orc:3    | Found Eblylok's Assorted Antiques.
 42040 | Orc:3    | Bought an orange potion for 31 gold pieces
 42383 | Orc:4    | Entered Level 4 of the Orcish Mines
 43240 | Orc:4    | Found Jullos's Gadget Shoppe.
 43241 | Orc:4    | Found Mur Ypsipsi's Antique Armour Emporium.
 43244 | Orc:4    | Found Liusiah's Jewellery Shoppe.
 43244 | Orc:4    | Found Susivegi's Antique Weapon Emporium.
 43279 | Orc:4    | Bought the ring "Cakhlos" {Wiz rElec rPois rN+ Int+8} for 830 gold pieces
 43279 | Orc:4    | Bought a cursed amulet of inaccuracy for 24 gold pieces
 43296 | Orc:4    | Bought the amulet "Noley" {Clar Stlth+} for 357 gold pieces
 43759 | Spider:1 | Entered Level 1 of the Spider Nest
 44090 | Spider:1 | Found a roughly hewn altar of Beogh.
 45483 | Spider:3 | Noticed Roxanne
 45847 | Spider:3 | Killed Roxanne
 46465 | Spider:3 | Noticed Wiglaf
 46483 | Spider:3 | Killed Wiglaf
 46969 | Spider:4 | Entered Level 4 of the Spider Nest
 49035 | Spider:4 | Reached XP level 18. HP: 103/103 MP: 27/40
 49892 | Spider:4 | Got a gossamer rune of Zot
 50368 | Lair:1   | Learned a level 2 spell: Repel Missiles
 50492 | Swamp:1  | Entered Level 1 of the Swamp
 51548 | Swamp:2  | Reached skill level 19 in Earth Magic
 54371 | Swamp:4  | Entered Level 4 of the Swamp
 54394 | Swamp:4  | Reached skill level 15 in Dodging
 54609 | Swamp:4  | Reached skill level 10 in Fire Magic
 54868 | Swamp:4  | Reached XP level 19. HP: 99/110 MP: 10/42
 56318 | Swamp:4  | Got a decaying rune of Zot
 56637 | Elf:1    | Entered Level 1 of the Elven Halls
 56780 | Elf:1    | Reached skill level 1 in Staves
 57104 | Elf:1    | Learned a level 8 spell: Lehudib's Crystal Spear
 57143 | Elf:1    | Identified Roxanne's Incunabulum of Unstable Stones
 57768 | Elf:1    | Reached skill level 20 in Earth Magic
 57978 | Elf:1    | Noticed a bone dragon
 58189 | Elf:1    | Identified Esuojew's Guide on Shape Shifting
 58309 | Elf:1    | Found Moysihua's Weapon Shop.
 58485 | Elf:1    | Identified the Reference Book on Displacement
 58666 | Elf:1    | Identified Alistair's Volume of Venom and Conjuration (You found it on level 1 of the Elven Halls)
 58778 | Elf:1    | Killed a bone dragon
 59119 | Elf:1    | Identified the Almanac of Darkness (You found it on level 1 of the Elven Halls)
 59249 | Elf:1    | Identified the Reference Book on the Excruciating Escort
 59895 | Elf:2    | Found a runed gate.
 59895 | Elf:2    | Found a runed gate.
 59896 | Elf:2    | Found a runed gate.
 59905 | Elf:2    | Reached XP level 20. HP: 117/117 MP: 43/43
 60124 | Elf:3    | Entered Level 3 of the Elven Halls
 60361 | Elf:2    | Reached skill level 5 in Staves
 60451 | Elf:2    | Reached skill level 10 in Fighting
 60760 | Elf:2    | HP: 5/117 [scimitar of electrocution (21)]
 60761 | Elf:2    | Slain by a scimitar of electrocution

Action                   |  1- 3 |  4- 6 |  7- 9 | 10-12 | 13-15 | 16-18 | 19-21 || total
-------------------------+-------+-------+-------+-------+-------+-------+-------++-------
Melee: Unarmed           |     1 |       |       |       |       |       |       ||     1
       Short sword       |       |    30 |    22 |    29 |    21 |       |       ||   102
       Dagger            |       |     6 |    10 |       |       |       |       ||    16
       Rod               |       |       |       |       |     1 |       |       ||     1
       Staff             |       |       |       |       |     1 |    44 |    14 ||    59
Throw: Stone             |       |       |       |     1 |     4 |       |       ||     5
 Cast: Sandblast         |    99 |    52 |   111 |    21 |       |       |       ||   283
       Stone Arrow       |       |    39 |   114 |   366 |   382 |   272 |     6 ||  1179
       Leda's Liquefacti |       |       |     2 |     7 |     7 |     3 |       ||    19
       Stoneskin         |       |       |     1 |     6 |    18 |    18 |     4 ||    47
       Petrify           |       |       |       |    18 |     9 |    10 |       ||    37
       Lee's Rapid Decon |       |       |       |    33 |    20 |    34 |    33 ||   120
       Dazzling Spray    |       |       |       |     6 |       |       |     1 ||     7
       Throw Icicle      |       |       |       |    18 |       |       |       ||    18
       Fireball          |       |       |       |    10 |   147 |   226 |    38 ||   421
       Force Lance       |       |       |       |     2 |     1 |     4 |       ||     7
       Bolt of Magma     |       |       |       |       |    89 |   128 |    39 ||   256
       Iron Shot         |       |       |       |       |       |   287 |   213 ||   500
       Blink             |       |       |       |       |       |     1 |       ||     1
       Delayed Fireball  |       |       |       |       |       |     3 |     2 ||     5
       Repel Missiles    |       |       |       |       |       |     1 |       ||     1
       Lehudib's Crystal |       |       |       |       |       |       |    14 ||    14
 Abil: Evoke Flight      |       |       |       |       |     2 |    10 |     4 ||    16
       Stop Flying       |       |       |       |       |       |     2 |       ||     2
       Release Delayed F |       |       |       |       |       |     3 |     2 ||     5
Evoke: Rod               |       |       |       |     9 |    18 |     3 |       ||    30
       Wand              |       |       |       |     1 |     4 |       |     2 ||     7
       Phial of floods   |       |       |       |       |     1 |     1 |     1 ||     3
       Staff of energy   |       |       |       |       |       |       |    74 ||    74
  Use: Scroll            |     8 |     8 |     8 |     9 |    12 |     8 |     2 ||    55
       Potion            |     1 |       |     4 |     1 |     2 |     2 |     1 ||    11
 Stab: Sleeping          |       |     1 |     3 |       |       |       |       ||     4
       Invisible         |       |       |       |     1 |       |       |       ||     1
       Distracted        |       |       |       |       |     1 |       |       ||     1
  Eat: Chunk             |     3 |    11 |    17 |    36 |    48 |    57 |    22 ||   194
       Pizza             |       |       |     1 |     2 |       |     2 |       ||     5
       Fruit             |       |       |       |       |     1 |     6 |     1 ||     8
       Beef jerky        |       |       |       |       |       |     1 |     1 ||     2
